 Dungeon Crawl Stone Soup version 0.30.0-10-gfe55d96785 (webtiles) character file.

Game seed: 8478486337996964222

20314 VictoriousLee the Summoner (level 12, -63/81 HPs)
             Began as an Octopode Venom Mage on May 13, 2023.
             Was an Initiate of Gozag.
             Annihilated by a titanic slime creature (104 damage)
             ... in an ice cave on May 14, 2023.
             The game lasted 02:38:11 (17100 turns).

VictoriousLee the Summoner (Octopode Venom Mage)   Turns: 17100, Time: 02:38:12

Health: -63/81     AC:  1    Str:  5    XL:     12   Next: 78%
Magic:  20/22      EV: 14    Int: 33    God:    Gozag
Gold:   429        SH:  0    Dex: 13    Spells: 4/25 levels left

rFire   + + .        M - +7 spear of Xuovoraerph {venom, rPois rN+ Str-3}
rCold   . . .        g - sphere of Battle
rNeg    + . .        (helmet restricted)
rPois   +            (no amulet)
rElec   .            w - +6 ring of intelligence
rCorr   .            y - +6 ring of intelligence
SInv    .            E - ring of protection from fire
Will    .....        U - ring of wizardry
Stlth   +++          h - ring of protection from fire
HPRegen 0.33/turn    (no ring)
MPRegen 0.18/turn    (no ring)
                     (no ring)

%: wizardry (x1)
@: mighty, brilliant, gold aura
A: almost no armour, amphibious, 8 rings, camouflage 1, gelatinous body 1,
(nimble swimmer 1), tentacles
a: Renounce Religion, Potion Petition, Call Merchant, Bribe Branch


You were in an ice cave.
You worshipped Gozag.
Gozag was aware of your devotion.
You visited 3 branches of the dungeon, and saw 13 of its levels.
You also visited: Sewer, Ossuary and Ice Cave.

You collected 2338 gold pieces.
You spent 711 gold pieces at shops.
You paid 1198 gold pieces to Gozag.

Inventory:

Hand Weapons
 d - a +0 vampiric hand axe
 l - a +1 antimagic rapier
 r - a +0 short sword of speed
 K - a +0 whip of protection
 M - the +7 spear of Xuovoraerph (weapon) {venom, rPois rN+ Str-3}
   (You took it off an orc on level 6 of the Dungeon)

   Str:       It affects your strength (-3).
   rPois:     It protects you from poison.
   rN:        It protects you from negative energy.
Missiles
 I - 3 silver javelins
 J - 40 poisoned darts
 O - 7 boomerangs
 T - 2 throwing nets
Armour
 g - the sphere of Battle (worn)
   (You found it on level 9 of the Dungeon)

   It enhances your destructive magic.
   It weakens your non-destructive magic.
   It summons a battlesphere in combat, with strength depending on Conjurations
   skill.
Magical Staves
 B - a staff of cold
Jewellery
 h - a ring of protection from fire (on tentacle)
 w - a +6 ring of intelligence (left tentacle)
 y - a +6 ring of intelligence (right tentacle)
 E - a ring of protection from fire (on tentacle)
 U - a ring of wizardry (on tentacle)
Wands
 t - a wand of quicksilver (4)
 z - a wand of flame (12)
 Q - a wand of roots (13)
Scrolls
 b - a scroll of magic mapping
 j - 3 scrolls of blinking {unknown}
 m - 7 scrolls of teleportation
 o - 3 scrolls of immolation {unknown}
 q - 2 scrolls of acquirement {unknown}
 u - 3 scrolls of poison {unknown}
 v - a scroll of torment
 x - 3 scrolls of vulnerability {unknown}
 D - 2 scrolls of amnesia
 F - 3 scrolls of fog {unknown}
 L - 2 scrolls of noise {unknown}
 S - a scroll of brand weapon
Potions
 a - a potion of heal wounds
 c - 8 potions of curing
 e - a potion of haste
 i - a potion of cancellation
 k - a potion of resistance
 s - 5 potions of brilliance
 A - a potion of attraction
 C - 7 potions of flight
 G - 3 potions of mutation
 R - 3 potions of lignification


   Skills:
 - Level 7.0 Fighting
 - Level 4.0 Polearms
 * Level 3.9 Dodging
 - Level 3.3 Stealth
 - Level 7.0 Spellcasting
 - Level 10.0 Conjurations
 - Level 10.0 Summonings
 - Level 1.0 Transmutations
 + Level 8.6 Fire Magic
 - Level 8.0 Poison Magic


You had 4 spell levels left.
You knew the following spells:

 Your Spells              Type           Power      Damage    Failure   Level
a - Summon Small Mammal   Summ           100%       N/A       1%          1
b - Frozen Ramparts       Ice            50%        1d8       4%          3
d - Call Canine Familiar  Summ           67%        N/A       1%          3
f - Fireball              Conj/Fire      52%        3d20      1%          5
p - Passwall              Tmut/Erth      11%        N/A       1%          2
r - Olgreb's Toxic Radia  Pois           98%        N/A       1%          4
s - Sting                 Tmut/Pois      100%       1d8       1%          1
v - Poisonous Vapours     Pois/Air       100%       N/A       1%          2

Your spell library contained the following spells:

 Spells                   Type           Power      Damage    Failure   Level
 Apportation              Tloc           22%        N/A       1%          1
 Freeze                   Ice            100%       1d10      1%          1
 Necrotise                Necr           44%        1d6       1%          1
 Slow                     Hex            44%        N/A       1%          1
 Hailstorm                Conj/Ice       79%        3d16      1%          3
 Mephitic Cloud           Conj/Pois/Air  86%        N/A       1%          3
 Spider Form              Tmut/Pois      41%        N/A       1%          3
 Summon Guardian Golem    Hex/Summ       44%        N/A       1%          3
 Ensorcelled Hibernation  Hex/Ice        22%        N/A       2%          2
 Confusing Touch          Hex            11%        N/A       4%          3
 Portal Projectile        Hex/Tloc       22%        N/A       4%          3
 Tukima's Dance           Hex            11%        N/A       4%          3
 Vampiric Draining        Necr           11%        2d6       4%          3
 Petrify                  Tmut/Erth      14%        N/A       12%         4
 Anguish                  Hex/Necr       5%         N/A       16%         4
 Iskenderun's Battlesphe  Conj           100%       2d15      1%          5
 Orb of Destruction       Conj           54%        9d14      21%         7
 Blade Hands              Tmut           9%         N/A       26%         5
 Conjure Ball Lightning   Conj/Air       39%        3x3d13    28%         6
 Iron Shot                Conj/Erth      39%        9d8       28%         6
 Lehudib's Crystal Spear  Conj/Erth      39%        10d10     100%        8


Dungeon Overview and Level Annotations

Branches:
Dungeon (11/15)            Temple (1/1) D:6            Lair (1/5) D:11
    Orc (0/2) D:11          Sewer (visited)         Ossuary (visited)
  IceCv (1/1)

Altars:
Ashenzari
Cheibriados
Dithmenos
Elyvilon
Fedhas
Gozag
Hepliaklqana
Kikubaaqudgha
Makhleb
Nemelex Xobeh
Okawaru
Qazlal
Ru
Sif Muna
Trog
Uskayaw
Vehumet
Wu Jian
Xom
Yredelemnul
Zin
The Shining One

Shops:
D:7 [*(*   D:11 (!

Annotations:
D:6 Sigmund
Lair:1 3 runed translucent doors


Innate Abilities, Weirdness & Mutations

You cannot wear most types of armour.
You are amphibious.
You can wear up to eight rings at the same time.
Your skin changes colour to match your surroundings (Stealth+).
Your rubbery body absorbs attacks. (AC +1, EV +1)
((You are camouflaged when in or above water. (Stealth+)))
You have tentacles for arms and can constrict up to eight enemies at once.


Message History

The titanic slime creature misses your butterfly.
Reach: M) +7 spear of Xuovoraerph {venom, rPois rN+ Str-3}
Press: ? - help, Dir - move target, f/p - titanic slime creature
Aim: a titanic slime creature (moderately wounded, poisoned, ally target, about 13% to evade the +7 spear of Xuovoraerph)
You could not reach far enough!
Your warg bites the titanic slime creature!
The titanic slime creature hits your butterfly!!!!
Your butterfly dies!
Your butterfly disappears in a burst of colours!
Reach: M) +7 spear of Xuovoraerph {venom, rPois rN+ Str-3}
Press: ? - help, Dir - move target, f/p - titanic slime creature
Aim: a titanic slime creature (moderately wounded, poisoned, ally target, about 13% to evade the +7 spear of Xuovoraerph)
Okay, then.
Casting: Sting (safe; 1% risk of failure)
Confirm with . or Enter, or press ? or * to list all spells.
Aiming: Sting (safe; 1% risk of failure)
Press: ? - help, Shift-Dir - straight line, f/p - titanic slime creature
Aim: a titanic slime creature (moderately wounded, poisoned, ally target, 95% to hit)
The sting hits the titanic slime creature.
The titanic slime creature partially resists.
The titanic slime creature is moderately wounded.
Your warg bites the titanic slime creature!
The titanic slime creature hits your butterfly!!!
Your butterfly dies!
Your butterfly disappears in a burst of colours!
Your warg bites the titanic slime creature.
Reach: M) +7 spear of Xuovoraerph {venom, rPois rN+ Str-3}
Press: ? - help, Dir - move target, f/p - titanic slime creature
Aim: a titanic slime creature (moderately wounded, not watching you, poisoned, ally target, about 13% to evade the +7 spear of Xuovoraerph)
You reach to attack!
You puncture the titanic slime creature!
The titanic slime creature looks as sick as possible!
The titanic slime creature is heavily wounded.
Your warg bites the titanic slime creature!
Your warg bites the titanic slime creature!
The titanic slime creature attacks as you move away!
The titanic slime creature hits you!!!!
Ouch! That really hurt!
You die...
Your body crumbles into a pile of gold.

#..##...##.#
##..#...##..##
#..##...#....#
#..#...##....##
##..#..##......#
#..##.##..$#...# ###
#..#..##..##...#
##b####.##..##$.###J.#
#bb.##@.#...#..##
#.*## #∩bbb*J.#..##..#
##..#
#bbb##$h#..##..## #JJ#
##b####.##..#.J.# #$.#
### #..#..##..####..#
#..##..#J...##$.#
##.##..##.J.##..#
#..#.[.#...##$..
#..##..##..##.J.


You could see a titanic slime creature (extremely poisoned, ally target), a
friendly warg (summoned) and a friendly battlesphere.

Vanquished Creatures
  2 two-headed ogres (D:10)
  Pikel (D:6)
  An ice statue (IceCv)
  A komodo dragon (Lair:1)
  A kobold demonologist (D:11)
  2 tengu conjurers (D:9)
  A troll (D:11)
  3 blink frogs (Lair:1)
  14 slime creatures (IceCv)
  A wyvern (D:8)
  33 yaks
  A wraith (D:11)
  Eustachio (D:5)
  Menkaure (D:6)
  A steam dragon (D:7)
  Duvessa (D:6)
  An acid dragon (D:11)
  2 water moccasins
  8 orc warriors
  An ice beast (D:7)
  A sky beast (D:7)
  A black bear (D:6)
  2 centaurs
  An ogre (D:7)
  2 wolves
  3 lemures (D:6)
  A phantom (D:4)
  5 kobold brigands
  6 bullfrogs
  A glowing shapeshifter simulacrum (IceCv)
  A scorpion (D:5)
  A water moccasin zombie (D:6)
  5 wights (D:10)
  Dowan (D:6)
  16 killer bees
  8 electric eels (D:11)
  2 howler monkeys (D:10)
  A bullfrog zombie (D:6)
  A crimson imp (D:5)
  8 hounds
  2 gnoll boudas
  5 orc priests
  A sleepcap (D:5)
  3 iguanas
  14 orc wizards
  2 shapeshifter simulacra (IceCv)
  A sickly merfolk siren (Sewer)
  A malarious merfolk avatar (Sewer)
  A killer bee zombie (D:6)
  12 mummies (Ossuary)
  4 adders
  28 gnolls
  2 shadow imps
  A white imp (D:5)
  An ufetubus (D:5)
  2 worms
  3 dart slugs
  49 orcs
  4 endoplasms
  7 giant cockroaches
  6 goblins
  8 hobgoblins
  6 jackals
  3 quokkas
  12 ball pythons
  9 bats
  6 frilled lizards
  A gnoll skeleton (Ossuary)
  2 goblin skeletons (Ossuary)
  53 kobolds
  2 kobold skeletons (Ossuary)
  An orc skeleton (Ossuary)
  25 rats
  A rat skeleton (Ossuary)
422 creatures vanquished.

Vanquished Creatures (collateral kills)
  7 slime creatures (IceCv)
  A water moccasin (D:7)
  2 great orb of eyes simulacra (IceCv)
  2 ice beasts (D:6)
  An ogre (D:6)
  A slime creature simulacrum (IceCv)
  8 wights
  A bullfrog zombie (D:6)
  2 centaur zombies (D:6)
  An iguana (D:6)
  A shapeshifter simulacrum (IceCv)
  A mummy (Ossuary)
  A howler monkey zombie (D:6)
  An adder (D:5)
  A white imp (D:6)
  A worm (D:6)
  A kobold (D:5)
  A goblin skeleton (Ossuary)
  A kobold skeleton (Ossuary)
  10 rat skeletons (Ossuary)
45 creatures vanquished.

Grand Total: 467 creatures vanquished

Notes
Turn   | Place    | Note
-------+----------+-------------------------------------------
     0 | D:1      | VictoriousLee the Octopode Venom Mage began the quest for
                  | the Orb.
     0 | D:1      | Reached XP level 1. HP: 11/11 MP: 3/3
    57 | D:1      | Reached XP level 2. HP: 17/17 MP: 0/5
    61 | D:1      | Learned a level 2 spell: Poisonous Vapours
   531 | D:1      | Reached XP level 3. HP: 21/21 MP: 1/6
   535 | D:1      | Reached skill level 5 in Poison Magic
  1335 | D:2      | Noticed a floating eye
  1337 | D:2      | Found a faded altar of an unknown god.
  1379 | D:2      | Noticed a shining eye
  1379 | D:2      | Noticed a floating eye
  1379 | D:2      | Noticed an eye of devastation
  1769 | D:2      | Reached XP level 4. HP: 10/27 MP: 1/7
  2488 | D:2      | Learned a level 4 spell: Olgreb's Toxic Radiance
  2705 | D:3      | Reached XP level 5. HP: 14/31 MP: 3/8
  3666 | D:5      | Entered Level 5 of the Dungeon
  3673 | D:5      | Noticed a phantom
  3703 | D:4      | Killed a phantom
  3704 | D:4      | Reached XP level 6. HP: 26/36 MP: 7/9
  3914 | D:5      | Found a sand-covered staircase.
  3918 | D:5      | Upgraded the game from 0.30.0-5-g1a98f26d00 to
                  | 0.30.0-10-gfe55d96785
  3919 | Ossuary  | Entered an ossuary
  3922 | Ossuary  | Learned a level 1 spell: Summon Small Mammal
  4361 | Ossuary  | Reached XP level 7. HP: 41/41 MP: 9/12
  4624 | D:5      | Found a shimmering altar of Xom.
  4624 | D:5      | Found a burning altar of Makhleb.
  4997 | D:5      | Reached skill level 5 in Spellcasting
  5128 | D:5      | Reached skill level 1 in Summonings
  5220 | D:5      | Noticed Eustachio
  5227 | D:5      | Learned a level 3 spell: Call Canine Familiar
  5270 | D:5      | Killed Eustachio
  5605 | D:5      | Reached XP level 8. HP: 36/46 MP: 9/15
  6060 | D:5      | Reached skill level 5 in Summonings
  6392 | D:6      | Found a staircase to the Ecumenical Temple.
  6422 | D:6      | Noticed Sigmund
  6427 | D:6      | Found a snail-covered altar of Cheibriados.
  6455 | D:6      | Noticed Menkaure
  6481 | D:6      | Killed Menkaure
  6502 | D:6      | Found a stormy altar of Qazlal.
  6587 | D:6      | Noticed Pikel
  6608 | D:6      | Killed Pikel
  6609 | D:6      | Reached XP level 9. HP: 45/51 MP: 3/16
  6630 | D:6      | Found a basalt altar of Yredelemnul.
  6977 | D:6      | Found a glowing drain.
  6984 | Sewer    | Entered a sewer
  7290 | Temple   | Entered the Ecumenical Temple
  7612 | D:6      | Identified the +7 spear of Xuovoraerph {venom, rPois rN+
                  | Str-3}
  7773 | D:6      | Noticed Duvessa
  7773 | D:6      | Noticed Dowan
  7779 | D:6      | Killed Duvessa
  7780 | D:6      | Reached skill level 10 in Summonings
  7780 | D:6      | Reached skill level 1 in Conjurations
  7790 | D:6      | Killed Dowan
  8547 | D:7      | Reached XP level 10. HP: 46/56 MP: 6/17
  8599 | D:7      | Found an opulent altar of Gozag.
  8619 | D:7      | Became a worshipper of Gozag Ym Sagoz the Greedy
  8672 | D:7      | Reached skill level 5 in Conjurations
  8925 | D:7      | Found Berras's Armour Shoppe.
  8995 | D:7      | Found Uqagg's Assorted Antiques.
  8998 | D:7      | Bought a scroll of identify for 54 gold pieces
  9037 | D:7      | Found Joopocip's General Store.
  9092 | D:7      | Found an ornate altar of the Wu Jian Council.
  9146 | D:7      | Found Nucvixta's Weapon Shoppe.
 10497 | D:8      | Found a hazy altar of Hepliaklqana.
 10931 | D:9      | Reached skill level 1 in Fighting
 11259 | D:9      | Reached XP level 11. HP: 70/70 MP: 13/18
 11532 | D:9      | Found a bloodstained altar of Trog.
 11781 | D:9      | Found the sphere of Battle
 11795 | D:9      | Reached skill level 5 in Fighting
 12003 | D:9      | Found a hide-covered altar of Uskayaw.
 12059 | D:10     | Entered Level 10 of the Dungeon
 12220 | D:10     | Found a broken altar of Ashenzari.
 12855 | D:10     | Found an iron altar of Okawaru.
 12919 | D:10     | Noticed a two-headed ogre
 12930 | D:10     | Killed a two-headed ogre
 13007 | D:10     | Noticed a two-headed ogre
 13014 | D:10     | Killed a two-headed ogre
 13458 | D:11     | Found Gohed's Weapon Boutique.
 13987 | D:11     | Reached skill level 10 in Conjurations
 13987 | D:11     | Reached skill level 1 in Fire Magic
 14032 | D:11     | Bought a potion of heal wounds for 65 gold pieces
 14041 | D:11     | Learned a level 5 spell: Fireball
 14061 | D:11     | Found a staircase to the Lair.
 14241 | D:11     | Found a staircase to the Orcish Mines.
 14559 | D:11     | Reached XP level 12. HP: 75/81 MP: 5/22
 14647 | D:11     | Reached skill level 5 in Fire Magic
 15130 | D:7      | Bought a wand of flame (2) for 16 gold pieces
 15130 | D:7      | Bought the Anthology of the Quake for 576 gold pieces
 15133 | D:7      | Learned a level 2 spell: Passwall
 15376 | Lair:1   | Entered Level 1 of the Lair of Beasts
 15392 | Lair:1   | Learned a level 3 spell: Frozen Ramparts
 15411 | Lair:1   | Found a runed translucent gate.
 15412 | Lair:1   | Found a runed translucent gate.
 15413 | Lair:1   | Found a runed translucent gate.
 15455 | Lair:1   | Reached skill level 1 in Polearms
 15582 | Lair:1   | Found a frozen archway.
 15683 | IceCv    | Entered an ice cave
 17100 | IceCv    | Annihilated by a titanic slime creature

Illustrated notes

Levels and vault maps discovered:
D:1:      evilmike_arrival_crescent, layout_basic
D:2:      minmay_chambers_of_ones, layout_loops_cross,
          hellmonk_ecumenical_altar_watching_god, dreamdust_princess_bridge
D:3:      layout_loops_cross, kennysheep_generic_room_10
D:4:      layout_basic, uniq_ijyb
D:5:      minmay_goblin_kobold_castle, layout_loops_ring,
          grunt_temple_overflow_champion_of_chaos, enter_ossuary_5,
          uniq_eustachio
D:6:      layout_basic, nicolae_qazlal_scattered_showers,
          cheibrodos_worm_habitat, nicolae_yredelemnul_corpse_copse,
          minmay_temple_entry_hall, cheibrodos_sewer_entry_bend, minivault_22,
          uniq_pikel, uniq_duvessa, uniq_menkaure, uniq_sigmund
D:7:      layout_loops_ring, mainiacjoe_overflow_chevrons,
          nicolae_wu_jian_wuxing_cycle, serial_shops,
          nicolae_shop_advertising_works [nicolae_subvault_shop_adworks],
          nicolae_shop_behind_doors, nicolae_take_the_stairs, shop
D:8:      layout_gridville, kennysheep_little_box, hangedman_decor_lopped,
          grunt_decor_fettered
D:9:      layout_stronghold, mainiacjoe_overflow_alcove_4, kennysheep_mini,
          hellmonk_guarded_unrand_sphere_of_battle
D:10:     layout_roguey, old_standard_altar,
          hellmonk_okawaru_the_only_friend_you_need
D:11:     layout_small_grid, erik_lair_island, erik_orc_2, serial_shops,
          nicolae_shop_bloodbath_and_beyond
Temple:   jpeg_temple_alley_garden
Lair:1:   layout_small_grid, gammafunk_ghost_icy,
          portal_ice_cave_entry_pillars_1, lemuel_fruit_fields,
          lemuel_fruit_tree, uniq_fannar
IceCv:    ice_cave_hellmonk_azure_passage

Skill      XL: |  1  2  3  4  5  6  7  8  9 10 11 12 |
---------------+-------------------------------------+-----
Poison Magic   | 4 5 6 7 8 |  8.0
Stealth        | 3 |  3.3
Spellcasting   | 3 5 7 |  7.0
Summonings     | 3 8 10 | 10.0
Conjurations   | 4 9 10 | 10.0
Fighting       | 4 7 |  7.0
Fire Magic     | 4 8 |  8.6
Polearms       | 4 |  4.0
Dodging        | 3 |  3.9
Transmutations | |  1.0

Action                     |  1- 3 |  4- 6 |  7- 9 | 10-12 || total
---------------------------+-------+-------+-------+-------++-------
  Melee: Whip              |    31 |    21 |       |       ||    52
         Constrict         |    13 |    23 |    50 |    18 ||   104
         Tentacles         |     8 |    30 |    59 |    44 ||   141
         Short sword       |       |    84 |   176 |       ||   260
         Punch             |       |     1 |     4 |     2 ||     7
         Spear             |       |       |    27 |   281 ||   308
         Staff             |       |       |       |     2 ||     2
  Throw: Dart              |       |       |       |     3 ||     3
   Cast: Sting             |    14 |    32 |    10 |    12 ||    68
         Poisonous Vapours |    25 |    23 |     7 |    50 ||   105
         Summon Small Mamm |       |    34 |    13 |     7 ||    54
         Olgreb's Toxic Ra |       |     1 |    34 |    64 ||    99
         Call Canine Famil |       |       |    10 |    33 ||    43
         Fireball          |       |       |       |    22 ||    22
 Invoke: Call Merchant     |       |       |       |     1 ||     1
         Potion Petition   |       |       |       |     1 ||     1
  Evoke: Wand              |       |       |     1 |     1 ||     2
    Use: Scroll            |       |     6 |     6 |    11 ||    23
         Potion            |       |     2 |     7 |    10 ||    19
   Stab: Sleeping          |       |     5 |     8 |     4 ||    17
         Distracted        |       |     2 |     1 |     4 ||     7
 Armour: Skin              |     2 |     5 |    17 |     6 ||    30
  Dodge: Dodged            |    26 |    29 |    94 |    79 ||   228
